 Dungeon Crawl Stone Soup version 0.24.0-123-gd5b16e6ec5 (webtiles) character file.

Game seed: 765698999303573210, levelgen mode: deterministic

81 Descartes the Sneak (level 4, -1/23 HPs)
             Began as a Spriggan Wanderer on Jan 19, 2020.
             Slain by a worker ant (2 damage)
             ... on level 4 of the Dungeon.
             The game lasted 00:09:31 (3523 turns).

Descartes the Sneak (Spriggan Wanderer)             Turns: 3523, Time: 00:09:31

Health: -1/23      AC:  2    Str:  8    XL:     4   Next: 19%
Magic:  5/7        EV: 16    Int: 14    God:
Gold:   168        SH:  0    Dex: 15    Spells: 1/6 levels left

rFire    . . .     SeeInvis +   a - +0 dagger
rCold    . . .     Gourm    .   (shield restricted)
rNeg     . . .     Faith    .   c - +0 robe
rPois    .         Spirit   .   (helmet restricted)
rElec    .         Reflect  .   (no cloak)
rCorr    .         Harm     .   (gloves unavailable)
MR       .....                  (boots unavailable)
Stlth    +++.......             (no amulet)
HPRegen  0.07/turn              (no ring)
MPRegen  0.10/turn              (no ring)

@: lethally poisoned (-1 -> -10), very quick
A: very small, unfitting armour, see invisible, herbivore, speed 3, slow
metabolism 2
a: no special abilities


You were on level 4 of the Dungeon.
You were very hungry.

You visited 1 branch of the dungeon, and saw 4 of its levels.

You collected 168 gold pieces.

Inventory:

Hand Weapons
 a - a +0 dagger (weapon)
Missiles
 g - 44 stones (quivered)
 j - 2 atropa-tipped darts
 o - 15 arrows
 p - 8 poisoned darts
Armour
 c - a +0 robe (worn)
Jewellery
 q - an uncursed ring of poison resistance {unknown}
Scrolls
 d - 3 scrolls of remove curse
 e - 2 scrolls of fear {unknown}
 i - 3 scrolls of teleportation {unknown}
 k - 2 scrolls of identify
 m - a scroll of blinking {unknown}
 n - a scroll of amnesia {unknown}
 s - a scroll of enchant weapon {unknown}
Potions
 b - a potion of curing
 h - a potion of berserk rage {unknown}
 l - a potion of invisibility
 r - a potion of heal wounds {unknown}
Comestibles
 f - 4 rations


   Skills:
 * Level 2.0 Fighting
 * Level 2.9 Short Blades
 + Level 1.3 Dodging
 * Level 4.1 Stealth
 + Level 1.8 Spellcasting
 * Level 1.0 Conjurations
 + Level 0.2 Hexes
   Level 1.7 Necromancy
 + Level 0.8 Translocations
 + Level 0.2 Ice Magic
   Level 1.3 Evocations


You had one spell level left.
You knew the following spells:

 Your Spells              Type           Power        Failure   Level  Hunger
a - Magic Dart            Conj           #...         16%         1    ##.....
b - Blink                 Tloc           N/A          26%         2    ###....
c - Ensorcelled Hibernat  Hex/Ice        #.....       32%         2    ###....

Your spell library contained the following spells:

 Spells                   Type           Power        Failure   Level  Hunger
 Corona                   Hex            #......      22%         1    ##.....
 Slow                     Hex            #.......     32%         2    ###....
 Call Imp                 Summ           #.......     36%         2    ###....
 Dazzling Spray           Conj/Hex       #.....       50%         3    ####...
 Conjure Flame            Conj/Fire      #.......     52%         3    ####...
 Confuse                  Hex            #.......     54%         3    ####...
 Mephitic Cloud           Conj/Pois/Air  #.......     54%         3    ####...
 Tukima's Dance           Hex            #.......     54%         3    ####...


Dungeon Overview and Level Annotations

Branches:
Dungeon (4/15)
 Temple: D:4-7

Altars:


Innate Abilities, Weirdness & Mutations

You are very small and have problems with some larger weapons.
You are too small for most types of armour.
You have supernaturally acute eyesight. (SInv)
You are a herbivore.
You cover ground extremely quickly.
You need to consume almost no food.


Message History

The worker ant is lightly wounded.
The worker ant misses you.
You barely miss the worker ant.
The worker ant is lightly wounded.
The worker ant waves its antennae.
The worker ant barely misses you.
You hit the worker ant but do no damage.
The worker ant is lightly wounded.
The worker ant misses you.
You hit the worker ant but do no damage.
The worker ant is lightly wounded.
The worker ant bites you.
* * * LOW HITPOINT WARNING * * *
You are lethally poisoned!
The worker ant poisons you!
You barely miss the worker ant.
The worker ant is lightly wounded.
* * * LOW HITPOINT WARNING * * *
You feel sick. The worker ant bites you.
You die...

## #. #.###
#...# #...#
#...# # #...#
...
#.#.).###..#
#....@a..<.#
######.......#
+.......#
#......##
.........
......###
......#
#......#


You could see a worker ant.

Vanquished Creatures
  Terence (D:2)
  2 adders
  A worm (D:2)
  2 leopard geckos
  An orc (D:4)
  3 giant cockroaches
  2 hobgoblins (D:1)
  2 kobolds (D:3)
  2 ball pythons (D:1)
  A bat (D:1)
  10 frilled lizards (D:1)
  6 goblins
  2 rats
35 creatures vanquished.

Notes
Turn   | Place    | Note
-------+----------+-------------------------------------------
     0 | D:1      | Descartes the Spriggan Wanderer began the quest for the
                  | Orb.
     0 | D:1      | Descartes set off with the following items: a +0 dagger, a
                  | potion of curing, a +0 robe, a ration; and the following
                  | spell memorised: Magic Dart; and the following spells
                  | available to memorise: Blink, Call Imp, Slow, Conjure
                  | Flame, Mephitic Cloud
     0 | D:1      | Reached XP level 1. HP: 10/10 MP: 3/3
   149 | D:1      | Reached XP level 2. HP: 15/15 MP: 3/5
   153 | D:1      | Learned a level 2 spell: Blink
   737 | D:2      | Reached XP level 3. HP: 8/18 MP: 6/6
  2018 | D:3      | Learned a level 2 spell: Ensorcelled Hibernation
  2044 | D:3      | Reached skill level 1 in Dodging
  2603 | D:3      | Noticed Terence
  3203 | D:2      | Killed Terence
  3203 | D:2      | Reached skill level 4 in Stealth
  3203 | D:2      | Reached skill level 1 in Conjurations
  3203 | D:2      | Reached XP level 4. HP: 23/23 MP: 7/7
  3523 | D:4      | HP: 1/23 [poisoned by a worker ant]
  3523 | D:4      | Slain by a worker ant

Levels and vault maps discovered:
D:1:      saegor_arrival_simple_b, layout_rooms, minmay_lizard_pond
D:2:      layout_basic
D:3:      layout_basic, uniq_terence
D:4:      layout_basic, minmay_temple_entry_offerings, uniq_robin, uniq_sigmund

Skill      XL: |  1  2  3 |
---------------+----------+-----
Dodging        | 1 |  1.3
Fighting       | 2 |  2.0
Stealth        | 4 |  4.1
Conjurations   | 1 |  1.0
Short Blades   | |  2.9
Spellcasting   | |  1.8
Hexes          | |  0.2
Necromancy     | |  1.7
Translocations | |  0.8
Ice Magic      | |  0.2
Evocations     | |  1.3

Action                   |  1- 3 |  4- 6 || total
-------------------------+-------+-------++-------
Melee: Dagger            |   234 |    30 ||   264
 Cast: Magic Dart        |    10 |     5 ||    15
       Blink             |     1 |       ||     1
       Ensorcelled Hiber |     1 |       ||     1
  Use: Scroll            |     2 |       ||     2
       Potion            |     1 |       ||     1
 Stab: Sleeping          |     7 |       ||     7
       Invisible         |     3 |       ||     3
Armor: Robe              |    20 |     3 ||    23
Dodge: Dodged            |   137 |    22 ||   159
